 Dungeon Crawl Stone Soup version 0.31.0-10-gcf4a605ca0 (webtiles) character file.

Game seed: 16681104029004640116

30 ymhsbmbesitwf the Ruffian (level 3, 0/24 HPs)
             Began as an Octopode Shapeshifter on Jan 25, 2024.
             Slain by a jackal (2 damage)
             ... on level 1 of the Dungeon.
             The game lasted 00:02:34 (451 turns).

ymhsbmbesitwf the Ruffian (Octopode Shapeshifter)    Turns: 451, Time: 00:02:35

Health: 0/24       AC:  1    Str: 15    XL:     3   Next: 20%
Magic:  3/3        EV: 12    Int: 12    God:
Gold:   63         SH:  3    Dex: 11    Spells: 2/2 levels left

rFire   . .          .
                       - Unarmed
rCold   . . .        e - +0 buckler
rNeg    . . .        (helmet currently unavailable)
rPois   .            (no amulet)
rElec   .            i - ring of willpower
rCorr   .            (no ring)
SInv    .            (no ring)
Will    +....        (no ring)
Stlth   ++           (no ring)
HPRegen 0.24/turn    (no ring)
MPRegen 0.08/turn    (no ring)
                     (no ring)

%: no passive effects
@: mighty, beast-form
A: beast (slay +1), almost no armour, amphibious, 8 rings, camouflage 1,
gelatinous body 1, (nimble swimmer 1), tentacles
a: Begin Untransformation


You were on level 1 of the Dungeon.
You were a hulking beast.
You visited 1 branch of the dungeon, and saw 1 of its levels.

You collected 63 gold pieces.

Inventory:

Armour
 e - a +0 buckler (worn)
Jewellery
 i - a ring of willpower (left tentacle)
Talismans
 b - a beast talisman
 c - a flux talisman
Scrolls
 d - a scroll of teleportation {unknown}
 f - a scroll of amnesia {unknown}
 h - a scroll of noise {unknown}
Potions
 a - a potion of lignification
 j - a potion of curing {unknown}


   Skills:
 * Level 2.1 Fighting
 + Level 2.2 Dodging
 + Level 0.4 Shields
 + Level 3.2 Unarmed Combat
 + Level 3.1 Shapeshifting


You had 2 spell levels left.
You didn't know any spells.
Your spell library was empty.

Dungeon Overview and Level Annotations

Branches:
Dungeon (1/15)

Altars:


Innate Abilities, Weirdness & Mutations

You are a hulking beast.
Your limbs bulge with bestial killing power. (Slay +1)
You cannot wear most types of armour.
You are amphibious.
You can wear up to eight rings at the same time.
Your skin changes colour to match your surroundings (Stealth+).
Your rubbery body absorbs attacks. (AC +1, EV +1)
((You are camouflaged when in or above water. (Stealth+)))
You have tentacles for arms and can constrict up to eight enemies at once.


Message History

You tentacle-slap the jackal. You squeeze the jackal.
You kill the jackal!
You block the jackal's attack. The endoplasm freezes you.
You are frozen.
The jackal closely misses you.
You barely miss the endoplasm. The jackal bites you.
The jackal bites you but does no damage.
The endoplasm closely misses you.
You are too injured to fight recklessly!
You are too injured to fight recklessly!
You tentacle-slap the endoplasm but do no damage.
The jackal closely misses you. The jackal barely misses you.
The endoplasm hits you but does no damage.
You tentacle-slap the endoplasm.
The endoplasm is moderately wounded.
The jackal closely misses you. The jackal bites you.
The endoplasm hits you but does no damage.
The jackal bites you. You block the jackal's attack.
You tentacle-slap the endoplasm but do no damage.
Your squeeze misses the endoplasm.
The endoplasm is moderately wounded.
The jackal barely misses you. The jackal bites you.
* * * LOW HITPOINT WARNING * * *
The endoplasm freezes you.
You are frozen.
* * * LOW HITPOINT WARNING * * *
You bludgeon the endoplasm!
You kill the endoplasm!
The jackal bites you.
* * * LOW HITPOINT WARNING * * *
You block the jackal's attack. The jackal bites you.
* * * LOW HITPOINT WARNING * * *
You block the jackal's attack.
It was a potion of might.
You feel very mighty all of a sudden. The jackal closely misses you.
The jackal barely misses you.
You bludgeon the jackal!
You kill the jackal!
The jackal misses you. The jackal bites you.
You die...

#.######)###..## ##§.≈##
##..##. #.# #.# ####
######### ####.. #.# #.#
#...##...≈...## #.. #.#
..#
#...#..≈§≈≈≈..#####..
#.# #.#
#...#.§≈≈.≈§≈.#......
#.# ...
#...##..≈≈§§.######..
#.# #.# #....#########.#
#.. #.#
.#.###..##.....##.####..
......†h..###..##...##..
......h..## ##......)...
#..###.##.# #.###.......
. #. ..#.........### ..
.#.#####.#### ### .....
...# ### #######


You could see a jackal.

Vanquished Creatures
  A dart slug (D:1)
  2 bats (D:1)
  2 endoplasms (D:1)
  A giant cockroach (D:1)
  3 goblins (D:1)
  2 hobgoblins (D:1)
  2 jackals (D:1)
  6 kobolds (D:1)
  3 quokkas (D:1)
  3 frilled lizards (D:1)
  A rat (D:1)
26 creatures vanquished.

Notes
Turn   | Place    | Note
-------+----------+-------------------------------------------
     0 | D:1      | ymhsbmbesitwf the Octopode Shapeshifter began the quest for
                  | the Orb.
     0 | D:1      | Reached XP level 1. HP: 13/13 MP: 1/1
    97 | D:1      | Reached XP level 2. HP: 14/18 MP: 2/2
   308 | D:1      | Reached XP level 3. HP: 16/24 MP: 3/3
   449 | D:1      | HP: 1/24 [jackal (2)]
   451 | D:1      | Slain by a jackal

Illustrated notes

Levels and vault maps discovered:
D:1:      shiori_arrival_elements, layout_loops_ring

Skill      XL: |  1  2  3 |
---------------+----------+-----
Fighting       | 2 |  2.1
Dodging        | |  2.2
Shields        | |  0.4
Unarmed Combat | |  3.2
Shapeshifting  | |  3.1

Action                     || total
---------------------------++-------
  Melee: Unarmed           ||    46
         Tentacles         ||     6
         Constrict         ||    10
    Use: Potion            ||     1
   Stab: Sleeping          ||     2
 Armour: Skin              ||    24
  Dodge: Dodged            ||    29
  Block: Buckler           ||     6
